 Dungeon Crawl Stone Soup version 0.28.0-53-g5a82cb258f (webtiles) character file.

Game seed: 8535990374076352624

631 LynnLen the Covert (level 7, -9/36 HPs)
             Began as a Vampire Enchanter on Aug 17, 2022.
             Shot with an arrow by a centaur (12 damage)
             ... on level 5 of the Dungeon.
             The game lasted 00:12:08 (4064 turns).

LynnLen the Covert (Vampire Enchanter)              Turns: 4064, Time: 00:12:09

Health: -9/36      AC:  6    Str:  7    XL:     7   Next: 24%
Magic:  10/10      EV: 11    Int: 18    God:
Gold:   95         SH:  0    Dex: 16    Spells: 5/10 levels left

rFire   . . .      SeeInvis +   a - +2 dagger
rCold   + + .      Faith    .   (no shield)
rNeg    + + +      Spirit   .   k - +0 leather armour
rPois   ∞          Reflect  .   (no helmet)
rElec   .          Harm     .   h - +2 cloak {Will+}
rCorr   .          Rampage  .   (no gloves)
Will    +....                   (no boots)
Stlth   ++++++....              j - amulet of magic regeneration
HPRegen 0.00/turn               (no ring)
MPRegen 0.52/turn               (no ring)

@: bloodless, inhibited regen
A: bloodless, fangs 3, see invisible, vampiric 2
a: Bat Form, Revivify


You were on level 5 of the Dungeon.
You visited 1 branch of the dungeon, and saw 5 of its levels.

You collected 106 gold pieces.
You spent 11 gold pieces at shops.

Inventory:

Hand Weapons
 a - a +2 dagger (weapon)
Missiles
 d - 82 stones
 e - 7 poisoned darts
 f - a throwing net
 g - 58 sling bullets
Armour
 h - a +2 cloak of willpower (worn)
 k - a +0 leather armour (worn)
Jewellery
 b - a ring of flight
 j - an amulet of magic regeneration (around neck)
 o - a +4 ring of protection
 p - a ring of protection from cold
Wands
 m - a wand of polymorph (6)
Scrolls
 i - 2 scrolls of teleportation
 l - a scroll of magic mapping
Potions
 n - a potion of attraction {unknown}


   Skills:
 + Level 6.1 Short Blades
 - Level 2.1 Dodging
 + Level 9.7 Stealth
 - Level 2.0 Spellcasting
 - Level 4.4 Hexes


You had 5 spell levels left.
You knew the following spells:

 Your Spells              Type           Power      Damage    Failure   Level
a - Confusing Touch       Hex            17%        N/A       14%         3
b - Ensorcelled Hibernat  Hex/Ice        18%        N/A       17%         2

Your spell library contained the following spells:

 Spells                   Type           Power      Damage    Failure   Level
 Tukima's Dance           Hex            17%        N/A       14%         3
 Freeze                   Ice            4%         1d3       26%         1
 Dazzling Flash           Conj/Hex       18%        N/A       32%         3
 Frozen Ramparts          Ice            2%         1d2       63%         3
 Hailstorm                Conj/Ice       1%         3d3       95%         4
 Iskenderun's Mystic Bla  Conj/Tloc      1%         2d3       95%         4
 Starburst                Conj/Fire      0%         6d3       100%        6


Dungeon Overview and Level Annotations

Branches:
Dungeon (5/15)
 Temple: D:4-7

Altars:

Shops:
D:2 !:!*!   D:4 *


Innate Abilities, Weirdness & Mutations

You do not regenerate when monsters are visible.
You are frail without blood (-20% HP).
You can heal yourself when you bite living creatures.
You are immune to poison.
You have razor-sharp teeth.
You have supernaturally acute eyesight. (SInv)
You are afflicted with vampirism and can become a bat while bloodless.


Message History

An orc comes into view. It is wielding a +0 club.
A hound and an orc wizard come into view.
The orc wizard is wielding a +1 dagger of holy wrath.
The centaur shoots an arrow.
The arrow closely misses you. The orc completely misses you.
The hound barks!
The orc priest shouts!
The orc wizard shouts!
You hit the orc but do no damage. Your bite misses the orc.
You hear a shout!
The centaur shoots an arrow.
The arrow closely misses you.
The arrow completely misses the orc.
The arrow closely misses the orc priest.
The arrow misses the orc.
An orc comes into view. It is wielding a +0 short sword.
The orc closely misses you.
You closely miss the orc. You bite the orc, but do no damage.
The centaur shoots an arrow.
The arrow hits you.
As you read the scroll of fear, it crumbles to dust.
You assume a fearsome visage.
The centaur looks frightened!
The hound resists with some effort.
The orc priest looks frightened!
The orc looks frightened! x3; The orc wizard looks frightened!
The orc wizard casts a spell.
The orc wizard flickers and vanishes for a moment.
Cornered, the orc priest turns to fight!
Cornered, the orc wizard turns to fight!
The centaur tries to recover its lost courage.
Cornered, the centaur turns to fight!
You see here a scroll of noise.
The centaur shoots an arrow.
The arrow misses you.
The centaur shoots an arrow.
The arrow barely misses you.
The centaur shoots an arrow.
The arrow completely misses you.
The centaur shoots an arrow.
The arrow barely misses you.
The centaur shoots an arrow.
The arrow hits you!
The centaur shoots an arrow.
The arrow hits you!
The centaur shoots an arrow.
The arrow hits you!
* * * LOW HITPOINT WARNING * * *
You see here a scorpion corpse.
The centaur shoots an arrow.
The arrow hits you.
* * * LOW HITPOINT WARNING * * *
The centaur shoots an arrow.
The arrow hits you!
You die...

#.##.##
###.##^.######## ##
................ ...
###.###..#########.#
# ##.####......#
#....'......#
##..##......#
#..##......#
#..##@####.# #..##†#
#.# #...#.# #.#
....#.# #.# ....#.#
#.# #c####.##
#.......# ######co#
.######..#


You could see a centaur.

Vanquished Creatures
  A sky beast (D:4)
  2 scorpions
  A water moccasin skeleton (D:5)
  A bullfrog zombie (D:5)
  An orc priest (D:4)
  2 hounds
  A jelly (D:4)
  A bullfrog skeleton (D:5)
  An iguana (D:4)
  An orc wizard (D:4)
  4 adders
  A gnoll (D:1)
  An ufetubus (D:5)
  A worm (D:2)
  2 dart slugs
  4 orcs
  6 endoplasms
  3 giant cockroaches
  5 hobgoblins
  3 jackals (D:3)
  5 kobolds
  7 quokkas
  8 ball pythons
  5 bats
  3 frilled lizards
  9 goblins
  5 rats
84 creatures vanquished.

Notes
Turn   | Place    | Note
-------+----------+-------------------------------------------
     0 | D:1      | LynnLen the Vampire Enchanter began the quest for the Orb.
     0 | D:1      | Reached XP level 1. HP: 13/13 MP: 3/3
    12 | D:1      | Noticed a hog
    12 | D:1      | Noticed a swamp worm
    12 | D:1      | Noticed a wyvern
    13 | D:1      | Noticed a redback
    13 | D:1      | Noticed an iguana
   151 | D:1      | Reached XP level 2. HP: 15/15 MP: 5/5
   163 | D:1      | Reached skill level 5 in Stealth
   611 | D:1      | Gained mutation: You are afflicted with vampirism and can
                  | become a bat while bloodless. [Vampire growth]
   611 | D:1      | Reached XP level 3. HP: 16/19 MP: 6/6
   979 | D:2      | Found Axtu's Book Shop.
  1034 | D:1      | Learned a level 3 spell: Confusing Touch
  1037 | D:1      | Learned a level 2 spell: Ensorcelled Hibernation
  1087 | D:2      | Found Goesap's Distillery.
  1094 | D:2      | Bought a potion of degeneration for 11 gold pieces
  1180 | D:2      | Found Lonnodghu's Assorted Antiques.
  1241 | D:2      | Found Xafalloh's Distillery.
  1313 | D:2      | Reached skill level 6 in Stealth
  1409 | D:2      | Found Azxavic's Distillery.
  1463 | D:2      | Reached XP level 4. HP: 24/24 MP: 7/7
  1526 | D:3      | Found a faded altar of an unknown god.
  1588 | D:3      | Noticed a scorpion
  1652 | D:3      | Killed a scorpion
  1705 | D:3      | Reached skill level 7 in Stealth
  1709 | D:3      | Reached XP level 5. HP: 28/28 MP: 5/8
  2014 | D:3      | Found Meqoifoh's Book Shoppe.
  2377 | D:4      | Found Wiegeokh's Gadget Gallery.
  2485 | D:4      | Reached skill level 8 in Stealth
  2648 | D:4      | Noticed a sky beast
  2703 | D:4      | Killed a sky beast
  2704 | D:4      | Reached skill level 5 in Short Blades
  2704 | D:4      | Reached XP level 6. HP: 32/32 MP: 5/9
  3386 | D:5      | Entered Level 5 of the Dungeon
  3414 | D:5      | Reached skill level 9 in Stealth
  3493 | D:5      | Reached XP level 7. HP: 4/36 MP: 10/10
  4064 | D:5      | Shot with an arrow by a centaur

Illustrated notes

Levels and vault maps discovered:
D:1:      onia_arrival_zoo_common, layout_loops_ring, minmay_quantized
D:2:      layout_rooms, serial_shops, shop, shop, nicolae_lakefront_shop, shop,
          shop
D:3:      layout_loops_cross, serial_shops, shop, nicolae_ecumenical_oubliette,
          grunt_ministairs_3, minmay_misc_feat_hallway, kennysheep_path_1
D:4:      layout_basic, nrook_mini_backslash, corexii_item_surrounded_by_moat,
          minivault_24, nicolae_shop_gadgets
D:5:      layout_basic, kennysheep_little_box, minmay_temple_entry_proselytizer,
          grunt_ministairs_15

Skill      XL: |  1  2  3  4  5  6  7 |
---------------+----------------------+-----
Stealth        | 5 6 7 8 9 |  9.7
Short Blades   | 2 3 5 6 |  6.1
Dodging        | |  2.1
Spellcasting   | |  2.0
Hexes          | |  4.4

Action                   |  1- 3 |  4- 6 |  7- 9 || total
-------------------------+-------+-------+-------++-------
Melee: Dagger            |    89 |    97 |    12 ||   198
       Bite              |     6 |    12 |     3 ||    21
       Punch             |     3 |     2 |       ||     5
 Cast: Ensorcelled Hiber |     4 |    15 |       ||    19
       Confusing Touch   |       |     2 |     1 ||     3
 Abil: Exsanguinate      |     1 |       |       ||     1
  Use: Potion            |     1 |     1 |       ||     2
       Scroll            |     1 |     6 |     1 ||     8
 Stab: Sleeping          |    22 |    24 |     1 ||    47
       Invisible         |     4 |       |       ||     4
       Distracted        |     1 |       |       ||     1
       Confused          |       |     1 |       ||     1
Armor: Robe              |    18 |     2 |       ||    20
       Leather armour    |       |    21 |     2 ||    23
Dodge: Dodged            |    28 |    45 |    11 ||    84
